 Dungeon Crawl Stone Soup version 0.28-a0-533-g9f97627e2a (webtiles) character file.

Game seed: 17103880869388034673

78 heikuro the Covered (level 4, -2/37 HPs)
             Began as a Formicid Fighter on Sept 26, 2021.
             Blown up by Ijyb (32 damage)
             ... with a mindburst bolt
             ... on level 3 of the Dungeon.
             The game lasted 00:01:50 (1558 turns).

heikuro the Covered (Formicid Fighter)              Turns: 1558, Time: 00:01:50

Health: -2/37      AC:  9    Str: 21    XL:     4   Next: 61%
Magic:  4/4        EV:  7    Int:  8    God:
Gold:   21         SH:  4    Dex: 10    Spells: 3/3 levels left

rFire   . . .      SeeInvis +   a - +0 war axe
rCold   . . .      Faith    .   c - +0 buckler
rNeg    . . .      Spirit   .   f - +0 chain mail
rPois   .          Reflect  .   (helmet unavailable)
rElec   .          Harm     .   (no cloak)
rCorr   .          Rampage  .   (no gloves)
Will    .....                   (no boots)
Stlth   ..........              (no amulet)
HPRegen 0.12/turn               (no ring)
MPRegen 0.09/turn               (no ring)

@: no status effects
A: permanent stasis, dig shafts and tunnels, antennae 3, four strong arms
a: Dig, Shaft Self


You were on level 3 of the Dungeon.
You visited 1 branch of the dungeon, and saw 3 of its levels.

You collected 21 gold pieces.

Inventory:

Hand Weapons
 a - a +0 war axe (weapon)
Missiles
 h - 28 poisoned darts
Armour
 c - a +0 buckler (worn)
 f - a +0 chain mail (worn)
Jewellery
 j - a ring of flight
Scrolls
 e - a scroll of brand weapon {unknown}
 g - 2 scrolls of magic mapping {unknown}
Potions
 b - a potion of cancellation {unknown}
 d - a potion of might
 i - a potion of curing {unknown}


   Skills:
 + Level 3.9 Fighting
 * Level 3.4 Axes
 + Level 4.0 Armour
 - Level 3.6 Shields


You had 3 spell levels left.
You didn't know any spells.
Your spell library was empty.

Dungeon Overview and Level Annotations

Branches:
Dungeon (3/15)

Altars:

Annotations:
D:3 Ijyb


Innate Abilities, Weirdness & Mutations

You cannot be hasted, slowed, berserked, paralysed or teleported.
You can dig through walls and to a lower floor.
You have a pair of large antennae on your head. (SInv)
Your four strong arms can wield two-handed weapons with a shield.


Message History

The goblin is severely wounded.
The goblin misses you.
You hit the goblin but do no damage.
The goblin is severely wounded.
The goblin hits you with a +0 club.
You slash the goblin!
You kill the goblin!
Your Armour skill increases to level 4!
Things that are here:
a +0 club; a goblin corpse Search for what [Enter for "alt", or ? for help]? axe HP restored.
You see here a +0 club.
Things that are here:
15 stones; a +0 club; a +0 hunting sling
Found a stone staircase leading down.
An endoplasm comes into view.
The endoplasm quivers.
An endoplasm is nearby!
You slash the endoplasm!
You kill the endoplasm!
No target in view!
No target in view!
Found a stone staircase leading up.
Done exploring.
Done exploring.
There is a stone staircase leading down here.
You climb downwards.
You hear the sound of rushing water.
There is an entrance to a sewer on this level.
Hurry and find it before the portal rusts away!
Found a viscous red potion.
There is a stone staircase leading up here.
Ijyb the Twisted Goblin comes into view.
She is wielding a +0 club and carrying a wand of mindburst (11).
Ijyb shouts!
Ijyb zaps a wand.
Your mind is blasted!
You block Ijyb's attack.
You barely miss Ijyb. Ijyb hits you but does no damage.
You closely miss Ijyb.
Ijyb zaps a wand.
Your mind is blasted!
Ouch! That really hurt!
You die...

#... #.# #...
..# #... #.#
###.#.##.#
......#.#
#.#..#.# ##
#......###...#
#......@g..!.#
##..<.####...#
#...## ##
.^....#
#####.## ..
... #... #...


You could see Ijyb.

Vanquished Creatures
  Robin (D:1)
  2 adders (D:2)
  A dart slug (D:1)
  An orc (D:1)
  2 bats (D:1)
  An endoplasm (D:2)
  A giant cockroach (D:2)
  11 goblins
  10 hobgoblins
  3 jackals (D:1)
  4 kobolds (D:1)
  2 ball pythons
  2 frilled lizards (D:2)
41 creatures vanquished.

Notes
Turn   | Place    | Note
-------+----------+-------------------------------------------
     0 | D:1      | heikuro the Formicid Fighter began the quest for the Orb.
     0 | D:1      | Reached XP level 1. HP: 18/18 MP: 1/1
   116 | D:1      | Reached XP level 2. HP: 24/24 MP: 2/2
   376 | D:1      | Reached XP level 3. HP: 28/29 MP: 3/3
  1039 | D:2      | Found a faded altar of an unknown god.
  1109 | D:2      | Reached XP level 4. HP: 35/37 MP: 4/4
  1169 | D:2      | Noticed Robin
  1353 | D:1      | Killed Robin
  1419 | D:2      | Reached skill level 4 in Armour
  1553 | D:3      | Noticed Ijyb
  1558 | D:3      | Blown up by Ijyb

Illustrated notes

Levels and vault maps discovered:
D:1:      scummos_arrival_hexagon, layout_basic
D:2:      layout_rooms, ebering_ecumenical_altar_abandoned, lemuel_old_faithful,
          uniq_robin
D:3:      layout_loops_cross, gup_sewer_entry_bowl, uniq_crazy_yiuf_cottage,
          uniq_jessica, uniq_ijyb

Skill      XL: |  1  2  3  4 |
---------------+-------------+-----
Axes           | 3 |  3.4
Armour         | 4 |  4.0
Fighting       | |  3.9
Shields        | |  3.6

Action                   |  1- 3 |  4- 6 || total
-------------------------+-------+-------++-------
Melee: War axe           |    83 |    31 ||   114
  Use: Scroll            |     1 |       ||     1
Armor: Chain mail        |    63 |    22 ||    85
Dodge: Dodged            |    25 |    19 ||    44
Block: Buckler           |    22 |    15 ||    37

Table legend: (Time is in decaauts)
 A = Elapsed time spent in this place.
 B = Non-inter-level travel time spent in this place.
 C = Inter-level travel time spent in this place.
 D = Time resting spent in this place.
 E = Time spent auto-exploring this place.
 F = Levels seen in this place.
 G = Mean time per level.
                   A        B        C        D        E       F      G
               +--------+--------+--------+--------+--------+-----+--------+
         Total |   1602 |   1577 |     25 |    469 |    706 |   3 |  534.0 |
       Dungeon |   1602 |   1577 |     25 |    469 |    706 |   3 |  534.0 |
               +--------+--------+--------+--------+--------+-----+--------+

Top non-repeatable levels by time:
     D:1: 1081 daAuts
     D:2: 514 daAuts
     D:3: 6 daAuts
